 Dungeon Crawl Stone Soup version 0.24.0-123-gd5b16e6ec5 (webtiles) character file.

Game seed: 8911198589826056741, levelgen mode: deterministic

38 FishyPogo the Grave Robber (level 3, -1/26 HPs)
             Began as a Ghoul Necromancer on Dec 27, 2019.
             Slain by an adder (5 damage)
             ... on level 2 of the Dungeon.
             The game lasted 00:07:48 (1338 turns).

FishyPogo the Grave Robber (Ghoul Necromancer)      Turns: 1338, Time: 00:07:49

Health: -1/26      AC:  4    Str: 11    XL:     3   Next: 43%
Magic:  1/5        EV: 12    Int: 11    God:
Gold:   32         SH:  0    Dex:  9    Spells: 1/6 levels left

rFire    . . .     SeeInvis .   (no weapon)
rCold    + . .     Gourm    .   (no shield)
rNeg     + + +     Faith    .   a - +0 robe
rPois    ∞         Spirit   .   (no helmet)
rElec    .         Reflect  .   j - +1 cloak
rCorr    .         Harm     .   (no gloves)
MR       .....     Rnd*Tele +   (no boots)
Stlth    ++........             (no amulet)
HPRegen  0.00/turn              l - ring of teleportation (curse)
MPRegen  0.09/turn              (no ring)

@: rotting, hasted, very quick
A: rotting body, claws 1, carnivore, cold resistance 1, negative energy
resistance 3, inhibited regeneration, torment resistance, unbreathing
a: no special abilities


You were on level 2 of the Dungeon.
You were hungry.

You visited 1 branch of the dungeon, and saw 2 of its levels.

You collected 32 gold pieces.

Inventory:

Missiles
 d - 28 stones (quivered)
 h - 18 poisoned darts
Armour
 a - a +0 robe (worn)
 j - a +1 cloak (worn)
Jewellery
 l - a cursed ring of teleportation (left claw)
Scrolls
 e - 5 scrolls of teleportation {unknown}
 g - a scroll of remove curse {unknown}
 i - a scroll of amnesia
Potions
 b - a potion of haste
 k - a potion of curing
Comestibles
 c - 3 rations
 f - a chunk of flesh


   Skills:
 + Level 2.1 Dodging
 + Level 2.7 Stealth
 + Level 2.1 Spellcasting
 + Level 0.1 Charms
 * Level 4.4 Necromancy


You had one spell level left.
You knew the following spells:

 Your Spells              Type           Power        Failure   Level  Hunger
a - Pain                  Necr           ##..         4%          1    ##.....
b - Regeneration          Chrm/Necr      #.........   34%         3    ####...
y - Animate Skeleton      Necr           N/A          4%          1    ##.....

Your spell library contained the following spells:

 Spells                   Type           Power        Failure   Level  Hunger
 Vampiric Draining        Necr           ##........   14%         3    ####...
 Animate Dead             Necr           N/A          43%         4    #####..


Dungeon Overview and Level Annotations

Branches:
Dungeon (2/15)

Altars:


Innate Abilities, Weirdness & Mutations

Your body is rotting away.
You thrive on raw meat.
You are immune to poison.
You have sharp fingernails.
You are carnivorous and can eat meat at any time.
Your flesh is cold resistant. (rC+)
You are immune to negative energy. (rN+++)
You do not regenerate when monsters are visible.
You are immune to unholy pain and torment.
You can survive without breathing.


Message History

The adder bites you but does no damage.
It was a potion of curing.
You feel better. The adder closely misses you.
Casting: Pain (safe; 4% risk of failure)
Confirm with . or Enter, or press ? or * to list all spells.
You don't have enough magic to cast that spell.
You feel yourself speed up. The adder barely misses you.
You scratch the adder.
The adder is severely wounded.
The adder closely misses you.
You scratch the adder.
The adder is almost dead.
The adder bites you.
* * * LOW HITPOINT WARNING * * *
You miss the adder.
The adder is almost dead.
The adder bites you but does no damage.
You closely miss the adder.
The adder is almost dead.
The adder bites you.
You die...

#># #.# #.# #.# #.# #.#
.# #.# #.# #.# #.#
##.###.#######.# #.#
....<...>......# #.#
.......######### #.#
##.##### #.# #.#
#########.##### #.#
#.@Sw........(### #.#
#.####)...?...... ##.#
#.# #.##.##...## #.#.#
#.# #.##... .... .###.##
#####.####..####.. ## ##
##.## #............ .#
.###...# #.##.........#
#
#.#.##.####.##........>.
#..###(#..........###..#


You could see a worm and an adder.

Vanquished Creatures
  An adder (D:2)
  An ooze (D:1)
  2 dart slugs (D:1)
  2 goblins (D:1)
  4 hobgoblins
  A ball python (D:1)
  2 bats (D:1)
  2 frilled lizards (D:1)
  2 kobolds (D:1)
  5 rats
22 creatures vanquished.

Vanquished Creatures (collateral kills)
  A leopard gecko (D:1)
  2 bats (D:1)
3 creatures vanquished.

Grand Total: 25 creatures vanquished

Notes
Turn   | Place    | Note
-------+----------+-------------------------------------------
     0 | D:1      | FishyPogo the Ghoul Necromancer began the quest for the
                  | Orb.
     0 | D:1      | Reached XP level 1. HP: 14/14 MP: 2/2
   123 | D:1      | Learned a level 1 spell: Animate Skeleton
   265 | D:1      | Reached XP level 2. HP: 16/20 MP: 3/3
  1041 | D:1      | Reached XP level 3. HP: 16/26 MP: 0/5
  1046 | D:1      | Learned a level 3 spell: Regeneration
  1331 | D:2      | HP: 1/26 [adder (1)]
  1338 | D:2      | Slain by an adder

Levels and vault maps discovered:
D:1:      dpeg_arrival_rooms_with_view, layout_basic, chequers_big_river
D:2:      layout_loops_ring, first_ration

Skill      XL: |  1  2 |
---------------+-------+-----
Dodging        | 2 |  2.1
Spellcasting   | 2 |  2.1
Stealth        | |  2.7
Charms         | |  0.1
Necromancy     | |  4.4

Action                   || total
-------------------------++-------
Melee: Unarmed           ||    55
Throw: Stone             ||     1
 Cast: Pain              ||    38
       Animate Skeleton  ||     6
  Use: Scroll            ||     3
       Potion            ||     2
 Stab: Sleeping          ||     1
  Eat: Chunk             ||     2
Armor: Robe              ||    17
Dodge: Dodged            ||    44
